 Dungeon Crawl Stone Soup version 0.19.5 (webtiles) character file.

297 ghjk the Skirmisher (level 6, 0/56 HPs)
             Began as a Minotaur Abyssal Knight on Apr 17, 2017.
             Was a Priest of Lugonu.
             Slain by ghjk's ghost (13 damage)
             ... on level 5 of the Dungeon.
             The game lasted 00:09:04 (3386 turns).

ghjk the Skirmisher (Minotaur Abyssal Knight)       Turns: 3386, Time: 00:09:04

Health: 0/56       AC: 14    Str: 17    XL:     6   Next: 12%
Magic:  6/6        EV:  8    Int: 10    God:    Lugonu [***...]
Gold:   234        SH:  0    Dex: 10    Spells: 1 memorised, 4 levels left

rFire  . . .     SeeInvis .     a - +1 hand axe
rCold  . . .     Gourm    .     k - +0 chain mail
rNeg   . . .     Faith    .     (no shield)
rPois  .         Spirit   .     (helmet restricted)
rElec  .         Reflect  .     (no cloak)
rCorr  .         Harm     .     n - +1 pair of gloves
MR     .....                    s - +0 pair of boots
Stlth  ..........               (no amulet)
                                (no ring)
                                (no ring)

@: exhausted, slowed, very slow
A: retaliatory headbutt, horns 2, yellow scales 1, sturdy frame 1
a: Depart the Abyss, Bend Space, Banish, Renounce Religion


You were on level 5 of the Dungeon.
You worshipped Lugonu.
Lugonu was most pleased with you.
You were not hungry.

You visited 1 branch of the dungeon, and saw 5 of its levels.
You visited the Abyss 1 time.

You collected 234 gold pieces.

Inventory:

Hand Weapons
 a - a +1 hand axe (weapon)
 o - a +1 broad axe
Armour
 k - a +0 chain mail (worn)
 n - a +1 pair of gloves (worn)
 s - a +0 pair of boots (worn)
Jewellery
 u - an uncursed ring of flight
Scrolls
 g - 3 scrolls of fear
 w - a scroll of amnesia
 x - a scroll of remove curse
Potions
 e - a potion of cure mutation
 f - a potion of berserk rage
 h - 2 potions of ambrosia
 j - a potion of curing {unknown}
 p - a potion of cancellation
 q - 3 potions of brilliance
 r - a potion of magic {unknown}
 t - a potion of resistance {unknown}
Books
 l - a book of Cantrips

   Spells                             Type                      Level
   a - Confusing Touch                Hexes                        1
   b - Animate Skeleton               Necromancy                   1
   c - Summon Small Mammal            Summoning                    1
   d - Apportation                    Translocation                1
 v - a book of Conjurations

   Spells                             Type                      Level
   a - Magic Dart                     Conjuration                  1
   b - Searing Ray                    Conjuration                  2
   c - Dazzling Spray                 Conjuration/Hexes            3
   d - Fulminant Prism                Conjuration/Hexes            4
   e - Iskenderun's Mystic Blast      Conjuration                  4
   f - Iskenderun's Battlesphere      Conjuration/Charms           5
Comestibles
 c - 3 bread rations
 i - 3 meat rations


   Skills:
 + Level 5.3 Fighting
 + Level 5.1 Axes
 + Level 3.6 Armour
 + Level 2.0 Dodging
 * Level 1.2 Translocations
 + Level 1.9 Invocations


You had 4 spell levels left.
You knew the following spells:

 Your Spells              Type           Power        Failure   Level  Hunger
a - Apportation           Tloc           #.........   99%         1    ##.....


Dungeon Overview and Level Annotations

Branches:
Dungeon (5/15)
 Temple: D:4-7

Altars:
Makhleb
Nemelex Xobeh
Okawaru
Trog
Yredelemnul

Annotations:
D:5 ghjk's ghost, novice MiFi


Innate Abilities, Weirdness & Mutations

You reflexively headbutt those who attack you in melee.
You have a pair of horns on your head.
You are partially covered in yellow scales. (AC +2)
Your movements are slightly less encumbered by armour. (ER -2)


Message History

Unknown command.
You are too injured to fight recklessly!
You are too injured to fight recklessly!
You are too injured to fight recklessly!
Unknown command.
You are too injured to fight recklessly!
You are too injured to fight recklessly!
Unknown command.
You are too injured to fight recklessly!
You are too injured to fight recklessly!
Unknown command.
You closely miss ghjk's ghost.
Ghjk's ghost is almost destroyed.
Ghjk's ghost hits you.
* * * LOW HITPOINT WARNING * * *
Ghjk's ghost hits you but does no damage.
You barely miss ghjk's ghost. Your headbutt misses ghjk's ghost.
Ghjk's ghost is almost destroyed.
Ghjk's ghost hits you!
You die...

#..# #..#
#..# #..#
#..# #..#
.######..#
......W@.#
.#######.#
#.# #<#
#.# #.#
#.# ..#
###


You could see ghjk's ghost.

Vanquished Creatures
  Blork the orc (D:4)
  2 worker ants
  Robin (D:2)
  A gnoll (D:1)
  6 adders
  2 oozes (D:1)
  An adder skeleton (D:3)
  2 dart slugs
  3 leopard geckos
  2 ball pythons
  7 bats
  2 giant cockroaches
  19 goblins
  8 hobgoblins
  9 jackals
  2 quokkas
  4 frilled lizards
  A jackal skeleton (D:4)
  10 kobolds
  A leopard gecko skeleton (D:4)
  7 rats
91 creatures vanquished.

Notes
Turn   | Place    | Note
-------+----------+-------------------------------------------
     0 | Abyss:1  | ghjk the Minotaur Abyssal Knight began the quest for the Orb.
     0 | Abyss:1  | Reached XP level 1. HP: 19/19 MP: 1/1
     0 | Abyss:1  | Found a corrupted altar of Lugonu.
   104 | Abyss:1  | Noticed a smoke demon
   105 | D:1      | Escaped the Abyss
   167 | D:1      | Reached XP level 2. HP: 13/27 MP: 2/2
   362 | D:1      | Reached * piety under Lugonu
   430 | D:1      | Reached XP level 3. HP: 16/34 MP: 3/3
  1021 | D:2      | Found an iron altar of Okawaru.
  1021 | D:2      | Found a bloodstained altar of Trog.
  1128 | D:2      | Reached ** piety under Lugonu
  1145 | D:2      | Reached XP level 4. HP: 41/41 MP: 4/4
  1234 | D:2      | Noticed Robin
  1248 | D:2      | Killed Robin
  1248 | D:2      | Reached skill level 5 in Fighting
  2033 | D:3      | Found a basalt altar of Yredelemnul.
  2268 | D:3      | Learned a level 1 spell: Apportation
  2287 | D:3      | Reached XP level 5. HP: 45/48 MP: 5/5
  2702 | D:3      | Gained mutation: You are partially covered in yellow scales. (AC +2) [potion of beneficial mutation]
  2703 | D:3      | Gained mutation: Your movements are slightly less encumbered by armour. (ER -2) [potion of beneficial mutation]
  2815 | D:4      | Noticed Blork the orc
  2912 | D:4      | Killed Blork the orc
  2912 | D:4      | Reached skill level 5 in Axes
  2912 | D:4      | Reached skill level 1 in Translocations
  2976 | D:4      | Reached XP level 6. HP: 50/56 MP: 6/6
  3037 | D:4      | Reached *** piety under Lugonu
  3204 | D:4      | Found a sparkling altar of Nemelex Xobeh.
  3271 | D:4      | Found a burning altar of Makhleb.
  3271 | D:4      | Noticed a balrug
  3357 | D:5      | Entered Level 5 of the Dungeon
  3359 | D:5      | Noticed ghjk's ghost (novice MiFi)
  3386 | D:5      | Slain by ghjk's ghost

Skill      XL: |  1  2  3  4  5 |
---------------+----------------+-----
Fighting       | 4 5 |  5.3
Axes           | 3 4 5 |  5.1
Armour         | 3 |  3.6
Dodging        | 2 |  2.0
Translocations | 1 |  1.2
Invocations    | |  1.9

Action                   |  1- 3 |  4- 6 || total
-------------------------+-------+-------++-------
Melee: Hand axe          |    79 |   144 ||   223
       Headbutt          |    11 |    17 ||    28
Invok: Depart the Abyss  |     1 |       ||     1
  Use: Scroll            |       |    16 ||    16
       Potion            |       |     3 ||     3
  Eat: Chunk             |       |     5 ||     5
       Fruit             |       |     2 ||     2
       Beef jerky        |       |     1 ||     1
Armor: Leather armour    |    14 |       ||    14
       Chain mail        |     6 |    81 ||    87
Dodge: Dodged            |    57 |    57 ||   114
